AoeStats
← ogipochi_

Arena

508646967Analyzed
4v4 RM · 10d ago on Sep 23, 2026· 55m 29s· 8 players
Game mode
Random Map
Map size
Large (8 player)
Population
200
Speed
Normal
Resources
Standard
Victory
Conquest
Starting age
Dark Age
Ending age
Imperial Age
RankedLock teamsTeams togetherTeam positionsShared explorationLock speedFull tech treeHidden civsTurbo modeCheats
Victory
Defeat
🇯🇵 Danes · Japan
839
+13
🇲🇽 Burgundians · Mexico
782
+15
🇹🇼 Britons · Taiwan
765
+16
🇨🇳 Ethiopians · China
747
+17
🇺🇸 Khmer · United States
909
-21
🇨🇳 Bohemians · China
897
-20
🇲🇽 Spanish · Mexico
632
-10
🇨🇳 Jurchens · China
621
-10
ogipochi_
5:07 Loom
11:42 Feudal Age
12:18 Double-Bit Axe
12:14 Horse Collar
12:26 Gold Mining
12:27 Stone Mining
14:59 Wheelbarrow
19:04 Castle Age
18:15 Forging
18:11 Scale Mail Armor
18:23 Arson
20:13 Hand Cart
20:34 Hand Cart
27:49 Iron Casting
28:35 Chain Mail Armor
32:31 Imperial Age
30:44 Town Watch
30:29 Hamask
31:25 Caravan
33:14 Squires
32:59 Gambesons
32:49 Elite Jomsviking
33:49 Conscription
32:52 Northmen's Fury
34:40 Blast Furnace
34:12 Plate Mail Armor
34:01 Town Patrol
34:07 Elite Varangian Guard
38:51 Gold Shaft Mining
38:54 Stone Shaft Mining
38:42 Ballistics
39:23 Chemistry
38:33 Siege Engineers
38:22 Fletching
38:33 Padded Archer Armor
38:18 Elite Skirmisher
39:03 Thumb Ring
40:05 Bodkin Arrow
40:26 Leather Archer Armor
48:23 Heavy Plow
50:09 Bow Saw
Silver
0:29 Loom
6:19 Wheelbarrow
10:48 Horse Collar
11:03 Double-Bit Axe
13:08 Feudal Age
12:08 Gold Mining
13:09 Stone Mining
17:31 Hand Cart
17:45 Bow Saw
18:18 Heavy Plow
19:17 Stone Shaft Mining
19:20 Gold Shaft Mining
23:59 Castle Age
22:39 Forging
23:22 Scale Barding Armor
23:28 Arson
24:13 Scale Mail Armor
26:14 Two-Man Saw
25:46 Crop Rotation
26:15 Husbandry
25:36 Cavalier
33:18 Imperial Age
30:57 Burgundian Vineyards
32:37 Iron Casting
31:54 Fletching
32:04 Padded Archer Armor
31:30 Light Cavalry
33:33 Chain Barding Armor
32:44 Elite Skirmisher
33:58 Fervor
35:41 Chemistry
34:38 Murder Holes
34:25 Treadmill Crane
34:31 Arrowslits
35:35 Plate Barding Armor
37:17 Blast Furnace
37:13 Conscription
38:02 Ballistics
38:11 Paladin
39:49 Elite Coustillier
39:55 Elite Coustillier
40:42 Fletching
40:55 Padded Archer Armor
41:11 Chain Mail Armor
41:26 Squires
44:13 Town Watch
46:03 Caravan
47:05 Hussar
xporx57248
1:14 Loom
12:21 Feudal Age
16:24 Castle Age
14:16 Double-Bit Axe
15:25 Horse Collar
18:06 Heavy Plow
18:21 Bow Saw
25:28 Wheelbarrow
26:15 Gold Mining
26:20 Stone Mining
27:55 Gold Shaft Mining
28:16 Hand Cart
31:11 Caravan
31:41 Coinage
34:34 Imperial Age
32:17 Royal Heirs
32:35 Forging
35:12 Squires
34:58 Arson
35:58 Iron Casting
35:24 Scale Mail Armor
36:36 Two-Man Saw
35:12 Halberdier
37:24 Conscription
36:26 Elite Shotel Warrior
38:12 Masonry
38:13 Fortified Wall
39:37 Blast Furnace
38:53 Chain Mail Armor
40:43 Architecture
40:19 Siege Engineers
40:12 Fletching
40:32 Torsion Engines
41:17 Onager
42:46 Siege Onager
44:05 Ballistics
44:46 Chemistry
44:28 Stone Shaft Mining
49:38 Capped Ram
51:08 Plate Mail Armor
50:33 Bodkin Arrow
50:39 Padded Archer Armor
51:48 Siege Ram
夏天
10:55 Feudal Age
9:31 Loom
11:23 Double-Bit Axe
11:21 Horse Collar
18:00 Castle Age
16:38 Stone Mining
17:24 Gold Mining
23:27 Fletching
25:28 Ballistics
26:37 Bodkin Arrow
27:38 Masonry
29:36 Pikeman
32:57 Imperial Age
31:03 Bow Saw
30:31 Elite Skirmisher
31:42 Heavy Plow
32:31 Gold Shaft Mining
34:42 Chemistry
34:11 Conscription
35:14 Padded Archer Armor
35:15 Scale Mail Armor
36:26 Two-Man Saw
35:13 Halberdier
35:20 Crossbowman
37:47 Wheelbarrow
37:09 Murder Holes
37:36 Forging
38:57 Chain Mail Armor
39:28 Squires
39:13 Arbalester
42:21 Yeomen
42:20 Leather Archer Armor
42:28 Heated Shot
42:22 Treadmill Crane
43:19 Plate Mail Armor
44:18 Architecture
45:53 Scale Barding Armor
46:24 Iron Casting
45:27 Cavalier
46:08 Husbandry
46:29 Light Cavalry
48:13 Chain Barding Armor
48:50 Fortified Wall
50:32 Siege Engineers
54:44 Blast Furnace
55:40 Hand Cart
56:05 Plate Barding Armor
chuchorex123
0:28 Loom
13:05 Feudal Age
14:13 Double-Bit Axe
15:09 Wheelbarrow
15:08 Horse Collar
21:57 Castle Age
20:55 Gold Mining
20:59 Stone Mining
28:25 Scale Barding Armor
28:30 Forging
29:08 Pikeman
36:13 Redemption
38:54 Inquisition
shenyany
4:30 Loom
11:29 Feudal Age
14:18 Horse Collar
17:00 Castle Age
17:30 Double-Bit Axe
21:09 Bow Saw
26:11 Wheelbarrow
27:51 Husbandry
28:02 Bloodlines
28:48 Gold Mining
29:21 Town Watch
29:36 Pikeman
34:11 Imperial Age
32:27 Hand Cart
32:05 Stone Mining
32:20 Light Cavalry
33:33 Elite Skirmisher
34:24 Siege Engineers
36:08 Scale Barding Armor
36:14 Forging
36:59 Heavy Plow
38:11 Chemistry
37:32 Ballistics
37:29 Hussar
39:45 Fortified Bastions
40:16 Murder Holes
40:01 Treadmill Crane
40:07 Arrowslits
40:33 Masonry
40:34 Fortified Wall
40:47 Squires
40:33 Gambesons
41:59 Architecture
41:35 Halberdier
44:21 Caravan
44:34 Fletching
44:45 Padded Archer Armor
44:46 Scale Mail Armor
45:22 Iron Casting
45:25 Conscription
46:36 Heavy Scorpion
53:11 Hoardings
eleven
11:04 Feudal Age
12:24 Wheelbarrow
11:41 Double-Bit Axe
16:08 Castle Age
16:20 Stone Mining
17:18 Hand Cart
23:42 Bow Saw
27:10 Gold Mining
27:58 Stone Shaft Mining
27:35 Arson
30:13 Horse Collar
31:10 Gold Shaft Mining
31:21 Caravan
31:51 Coinage
31:25 Pikeman
34:08 Scale Barding Armor
34:05 Scale Mail Armor
34:18 Forging
34:37 Ballistics
34:28 Masonry
34:29 Fortified Wall
38:21 Imperial Age
36:31 Light Cavalry
37:12 Husbandry
36:34 Man-at-Arms
38:19 Bloodlines
39:23 Double Crossbow
40:02 Iron Casting
39:43 Chain Mail Armor
39:49 Halberdier
40:54 Conscription
40:46 Siege Engineers
41:50 Chemistry
41:45 Heavy Scorpion
42:04 Onager
43:16 Capped Ram
46:05 Banking
45:33 Hussar
seven^^
10:58 Feudal Age
15:47 Castle Age
14:03 Double-Bit Axe
14:57 Horse Collar
36:12 Imperial Age
34:49 Chemistry
34:37 Caravan
35:33 Wheelbarrow
37:52 Hand Cart
40:18 Siege Engineers
40:55 Houfnice
44:02 Wagenburg Tactics
47:35 Pikeman
48:20 Halberdier
49:00 Squires
48:45 Arson
49:10 Scale Mail Armor
49:21 Forging
50:50 Chain Mail Armor
51:51 Iron Casting
52:46 Plate Mail Armor
55:00 Blast Furnace
Connection lost

Rejoining the realm…

Still unreachable

The connection could not be restored.

Session expired

The server has moved on; the page needs a fresh start.